 Dungeon Crawl Stone Soup version 0.19-a0-1841-gf1e0166 (webtiles) character file.

270 Proteus the Covert (level 6, -1/30 HPs)
             Began as a Spriggan Assassin on Oct 9, 2016.
             Slain by Purgy (3 damage)
             ... on level 3 of the Dungeon.
             The game lasted 00:06:46 (2184 turns).

Proteus the Covert (Spriggan Assassin)              Turns: 2184, Time: 00:06:47

Health: -1/30      AC:  3    Str:  7    XL:     6   Next: 1%
Magic:  7/7        EV: 17    Int: 13    God:
Gold:   123        SH:  0    Dex: 19    Spells: 0 memorised, 5 levels left

rFire  + . .     SeeInvis +     b - +0 blowgun
rCold  . . .     Gourm    .     c - +0 robe
rNeg   . . .     Faith    .     (shield restricted)
rPois  .         Spirit   .     (helmet restricted)
rElec  .         Dismiss  .     d - +0 cloak
rCorr  .         Reflect  .     (gloves unavailable)
MR     ++...     Harm     +     (boots unavailable)
Stlth  +++++.....               s - amulet of harm
                                q - ring of protection from magic
                                (no ring)

@: lethally poisoned (-1 -> -5), very quick
A: unfitting armour, see invisible, fire resistance 1, herbivore 3, speed 3,
slow metabolism 2
a: no special abilities


You were on level 3 of the Dungeon.
You were not hungry.

You visited 1 branch of the dungeon, and saw 3 of its levels.

You collected 123 gold pieces.

Inventory:

Hand Weapons
 a - a +2 dagger
 b - a +0 blowgun (weapon)
Missiles
 e - 8 poisoned needles (quivered)
Armour
 c - a +0 robe (worn)
 d - a +0 cloak (worn)
Jewellery
 q - a ring of protection from magic (right hand)
 s - an amulet of harm (around neck)
Scrolls
 i - a scroll of remove curse
Potions
 k - a potion of brilliance
Comestibles
 g - 3 bread rations
 n - a royal jelly
 u - 3 fruits


   Skills:
 - Level 1.5 Fighting
 - Level 2.1 Short Blades
 - Level 2.0 Throwing
 - Level 1.5 Dodging
 + Level 11.0 Stealth


You had 5 spell levels left.
You didn't know any spells.

Dungeon Overview and Level Annotations

Branches:
Dungeon (3/15)

Altars:

Annotations:
D:3 Flanowski's ghost, amateur SpWr; Grinder; Purgy


Innate Abilities, Weirdness & Mutations

You are very small and have problems with some larger weapons.
You are too small for most types of armour.
You have supernaturally acute eyesight. (SInv)
You are a herbivore.
You cover ground extremely quickly.
You need consume almost no food.
Your flesh is heat resistant. (rF+)


Message History

You shoot a poisoned needle. The poisoned needle hits Purgy.
Purgy looks as sick as possible!
Purgy bites you. Purgy barely misses you. Purgy misses you.
The adder misses you.
Firing (i - inventory):
e - 9 poisoned needles (quivered)
Press: ? - help, Shift-Dir - straight line, f/p - Purgy
Aim: Purgy (lightly wounded, poisoned)
You shoot a poisoned needle.
The poisoned needle closely misses Purgy.
The adder bites you.
You are poisoned.
The adder poisons you! Purgy bites you!
* * * LOW HITPOINT WARNING * * *
Purgy misses you. x2
* * * LOW HITPOINT WARNING * * *
You feel sick.
Unknown command.
It was a potion of cancellation.
You feel magically purged. Purgy bites you but does no damage.
Purgy claws you but does no damage. Purgy claws you.
You die...

*,,,,...**#...,,,,,#
##*,,,,...**#>..#####.
*##..,,**..,.##.........
###.....***.#*.$..........
#.......###.#*!...(..<....
#...........##........T)..
#....#**#.S(((.(.(......(.
#....#####T###............
#....##..@..#*............
##....##.....#*............
##............##............
##.................>....(....
#...^....<.......####********
#..............### *
#..............#
#..............#
#..............#


You could see Purgy and an adder.

Vanquished Creatures
  Sigmund (D:3)
  Ijyb (D:2)
  Terence (D:2)
  A gnoll (D:2)
  An adder (D:3)
  A worm (D:2)
  3 dart slugs (D:1)
  A ball python (D:2)
  3 giant cockroaches (D:1)
  4 goblins (D:2)
  2 hobgoblins
  3 jackals (D:2)
  4 kobolds
  3 bats (D:1)
  A frilled lizard (D:1)
  4 rats
34 creatures vanquished.

Notes
Turn   | Place    | Note
-------+----------+-------------------------------------------
     0 | D:1      | Proteus the Spriggan Assassin began the quest for the Orb.
     0 | D:1      | Reached XP level 1. HP: 10/10 MP: 2/2
    34 | D:1      | Reached skill level 6 in Stealth
   160 | D:1      | Reached XP level 2. HP: 14/14 MP: 3/3
   736 | D:1      | Reached skill level 7 in Stealth
   995 | D:2      | Noticed Ijyb
  1001 | D:2      | Killed Ijyb
  1001 | D:2      | Reached skill level 8 in Stealth
  1001 | D:2      | Reached XP level 3. HP: 18/18 MP: 4/4
  1581 | D:2      | Noticed Terence
  1584 | D:2      | Killed Terence
  1584 | D:2      | Reached XP level 4. HP: 22/22 MP: 5/5
  1801 | D:2      | Gained mutation: Your flesh is heat resistant. (rF+) [potion of mutation]
  1829 | D:3      | Noticed Sigmund
  1834 | D:3      | Reached skill level 9 in Stealth
  1841 | D:3      | Noticed Purgy
  1844 | D:3      | Killed Sigmund
  1844 | D:3      | Reached skill level 10 in Stealth
  1844 | D:3      | Reached XP level 5. HP: 19/25 MP: 6/6
  2060 | D:3      | Noticed Flanowski's ghost (amateur SpWr)
  2063 | D:3      | Noticed Grinder
  2068 | D:2      | Reached skill level 11 in Stealth
  2068 | D:2      | Reached XP level 6. HP: 21/30 MP: 7/7
  2184 | D:3      | Slain by Purgy

Vault maps used:
D:1:      matt_arrival_diagonals
D:2:      hex_tiny, uniq_iyjb, uniq_terence
D:3:      first_bread, fedhas_altar_4, uniq_sigmund, uniq_crazy_yiuf_cottage,
          uniq_purgy, uniq_grinder

Skill      XL: |  1  2  3  4  5 |
---------------+----------------+-----
Stealth        | 6 8 10 11 | 11.0
Fighting       | |  1.5
Short Blades   | |  2.1
Throwing       | |  2.0
Dodging        | |  1.5

Action                   |  1- 3 |  4- 6 || total
-------------------------+-------+-------++-------
Melee: Dagger            |   108 |    22 ||   130
 Fire: Blowgun           |     4 |    15 ||    19
  Use: Scroll            |       |     7 ||     7
       Potion            |       |     2 ||     2
 Stab: Sleeping          |     7 |       ||     7
Armor: Robe              |    11 |     3 ||    14
Dodge: Dodged            |    81 |    30 ||   111
